 Dungeon Crawl Stone Soup version 0.20.1-1-g8b1a95d (webtiles) character file.

114 Phantomfrettchen the Insei (level 4, -3/29 HPs)
             Began as an Octopode Transmuter on Oct 7, 2017.
             Slain by a gnoll
             ... wielding a +0 halberd
              (7 damage)
             ... on level 3 of the Dungeon.
             The game lasted 00:06:04 (1854 turns).

Phantomfrettchen the Insei (Octopode Transmuter)    Turns: 1854, Time: 00:06:04

Health: -3/29      AC:  1    Str:  9    XL:     4   Next: 97%
Magic:  3/7        EV: 13    Int: 15    God:
Gold:   154        SH:  0    Dex: 13    Spells: 2/8 levels left

rFire    . . .     SeeInvis .   r - +2 mace (protect)
rCold    . . .     Gourm    .   (no shield)
rNeg     . . .     Faith    .   (helmet restricted)
rPois    .         Spirit   .   (no amulet)
rElec    .         Reflect  .   (no ring)
rCorr    .         Harm     .   (no ring)
MR       .....                  (no ring)
Stlth    ++........             (no ring)
Regen    0.1/turn               (no ring)
MPRegen  0.1/turn               (no ring)
                                (no ring)
                                (no ring)

@: no status effects
A: almost no armour, stealthy swim, amphibious, 8 rings, constrict 8, camouflage
1, gelatinous body 1
a: no special abilities


You were on level 3 of the Dungeon.
You were hungry.

You visited 1 branch of the dungeon, and saw 3 of its levels.

You collected 154 gold pieces.

Inventory:

Hand Weapons
 r - a +2 mace of protection (weapon)
Missiles
 a - 50 arrows
 e - 9 poisoned needles
 f - 27 stones (quivered)
 l - 16 sling bullets
 p - 45 bolts
 s - 4 javelins
Scrolls
 i - 2 scrolls of teleportation
 j - a scroll of recharging {unknown}
 k - 5 scrolls of identify
 m - a scroll of random uselessness {unknown}
 o - a scroll of blinking {unknown}
 q - a scroll of amnesia {unknown}
Potions
 d - a potion of curing {unknown}
 g - a potion of resistance {unknown}
Books
 b - a book of Changes

   Spells                             Type                      Level
   a - Beastly Appendage              Transmutation                1
   b - Sticks to Snakes               Transmutation                2
   c - Spider Form                    Transmutation/Poison         3
   d - Ice Form                       Ice/Transmutation            4
   e - Blade Hands                    Transmutation                5
Comestibles
 c - 2 bread rations
 h - 2 meat rations


   Skills:
 - Level 2.2 Fighting
 - Level 2.2 Dodging
 - Level 4.0 Unarmed Combat
 + Level 2.5 Spellcasting
 + Level 2.4 Transmutations
 * Level 1.4 Poison Magic


You had 2 spell levels left.
You knew the following spells:

 Your Spells              Type           Power        Failure   Level  Hunger
a - Beastly Appendage     Tmut           #.....       8%          1    #......
b - Sticks to Snakes      Tmut           #.......     12%         2    ###....
c - Spider Form           Tmut/Pois      #.........   28%         3    ###....


Dungeon Overview and Level Annotations

Branches:
Dungeon (3/15)

Altars:


Innate Abilities, Weirdness & Mutations

You cannot wear most types of armour.
You are very stealthy in the water. (Stealth+)
You are amphibious.
You can wear up to eight rings at the same time.
You can use your tentacles to constrict eight enemies at once.
Your skin changes colour to match your surroundings (Stealth+).
Your rubbery body absorbs attacks. (AC +1, EV +1)


Message History

The gnoll is heavily wounded.
The gnoll hits you with a whip. The gnoll completely misses you.
You hit the gnoll.
The gnoll is severely wounded.
The gnoll closely misses you.
You completely miss the gnoll.
The gnoll is severely wounded.
The gnoll completely misses you. The gnoll misses you.
You barely miss the gnoll.
The gnoll is severely wounded.
Your transformation has ended.
Your +2 mace of protection unmelds from your body.
Your +2 mace of protection hums with potential!
The gnoll barely misses you. The gnoll closely misses you.
You barely miss the gnoll. Your grab misses the gnoll.
The gnoll is almost dead.
The gnoll hits you with a whip!
* * * LOW HITPOINT WARNING * * *
The gnoll hits you from afar with a halberd!
You die...

### # ..# #. ..#
# #. .(# ... #.#
##..# ....#..
#...#
.......#####.#.#
.......g@).....#
......g#####.###
....... #.#
....... #<#
....... ###
....... .......
.......


You could see 2 gnolls.

Vanquished Creatures
  2 gnolls (D:3)
  2 adders
  A worm (D:2)
  2 dart slugs (D:1)
  A ball python (D:1)
  4 giant cockroaches
  11 goblins
  17 hobgoblins
  2 jackals (D:2)
  7 kobolds
  A quokka (D:2)
  3 bats
  4 frilled lizards
  6 rats
63 creatures vanquished.

Notes
Turn   | Place    | Note
-------+----------+-------------------------------------------
     0 | D:1      | Phantomfrettchen the Octopode Transmuter began the quest for the Orb.
     0 | D:1      | Reached XP level 1. HP: 13/13 MP: 3/3
   190 | D:1      | Reached XP level 2. HP: 18/18 MP: 3/5
   359 | D:1      | Reached XP level 3. HP: 9/23 MP: 4/6
  1240 | D:2      | Reached skill level 4 in Unarmed Combat
  1245 | D:2      | Learned a level 2 spell: Sticks to Snakes
  1249 | D:2      | Learned a level 3 spell: Spider Form
  1468 | D:2      | Found a faded altar of an unknown god.
  1479 | D:2      | Reached XP level 4. HP: 22/28 MP: 7/7
  1843 | D:3      | Reached skill level 1 in Poison Magic
  1854 | D:3      | Slain by a gnoll

Skill      XL: |  1  2  3  4 |
---------------+-------------+-----
Unarmed Combat | 4 |  4.0
Fighting       | 2 |  2.2
Poison Magic   | 1 |  1.4
Dodging        | |  2.2
Spellcasting   | |  2.5
Transmutations | |  2.4

Action                   |  1- 3 |  4- 6 || total
-------------------------+-------+-------++-------
Melee: Unarmed           |    90 |    26 ||   116
       Constrict         |    26 |     3 ||    29
       Kick              |    14 |       ||    14
       Tentacles         |    11 |     4 ||    15
       Mace              |     6 |    18 ||    24
       Punch             |     2 |       ||     2
 Cast: Beastly Appendage |    15 |       ||    15
       Spider Form       |       |     2 ||     2
  Use: Scroll            |       |     3 ||     3
 Stab: Sleeping          |     1 |     1 ||     2
  Eat: Chunk             |     2 |     1 ||     3
Armor: Skin              |     5 |     1 ||     6
Dodge: Dodged            |    45 |    39 ||    84
